[Event "76th GEO-ch Women 2019"]
[Site "Tbilisi"]
[Date "2019.03.27"]
[Round "8.2"]
[White "Mikadze, Miranda"]
[Black "Vakhania, Aleksandra"]
[Result "1-0"]
[ECO "B22"]
[WhiteElo "2266"]
[BlackElo "2175"]
[Annotator "NA"]
[PlyCount "79"]
[EventDate "2019.03.19"]
[EventType "swiss"]
[EventCountry "GEO"]
[SourceTitle "playchess.com"]
[Source "ChessBase"]
[SourceQuality "1"]
[TimeControl "40/5400+30:1800+30"]

1. e4 c5 2. c3 g6 3. d4 cxd4 4. cxd4 d5 5. e5 Bg7 6. Nf3 Nh6 {[%emt 0:00:16] B27: Sicilian: 2 Nf3, unusual Black 2nd moves} 7. Nc3 {[%emt 0:04:37] LiveBook: 24 Games} O-O 8. h3 Nc6 9. Bb5 f6 10. exf6 exf6 11. O-O Be6 (11... Nf7 12. Re1 Qd6 13. Be3 Bf5 14. Rc1 Rac8 {0-1 (46) Grischuk,A (2772)-Mamedov,R (2709) Huaian 2017}) 12. Re1 Bf7 13. Bxc6 bxc6 14. Na4 Qd6 15. Bd2 g5 16. Nc5 $146 Rfe8 17. Bb4 Bh5 18. Qb3 a5 (18... Bxf3 $14 19. Qxf3 f5) 19. Rxe8+ Rxe8 20. Bxa5 f5 21. Nxg5 Bxd4 {[%emt 0:00:36] [#]} 22. Nce6 $1 Rxe6 23. Nxe6 Qxe6 24. Re1 Qd6 25. Bc3 Bxc3 26. bxc3 Nf7 27. a4 Ng5 28. a5 $18 Nxh3+ 29. gxh3 Bf3 30. Rb1 Qg6+ 31. Kf1 Qg2+ 32. Ke1 Qg1+ 33. Kd2 Qxf2+ 34. Kc1 Be4 35. Qb8+ Kf7 36. Rb7+ Kg6 37. Qd6+ Kg5 38. Rg7+ Kh5 39. Rxh7+ Kg5 40. Qh6# 1-0

[Event "76th GEO-ch Women 2019"]
[Site "Tbilisi"]
[Date "2019.03.27"]
[Round "8.3"]
[White "Khukhashvili, Sopiko"]
[Black "Esadze, Tamari"]
[Result "1-0"]
[ECO "B53"]
[WhiteElo "2342"]
[BlackElo "2078"]
[Annotator "NA"]
[PlyCount "115"]
[EventDate "2019.03.19"]
[EventType "swiss"]
[EventCountry "GEO"]
[SourceTitle "playchess.com"]
[Source "ChessBase"]
[SourceQuality "1"]
[TimeControl "40/5400+30:1800+30"]

1. e4 c5 2. Nf3 d6 3. d4 cxd4 4. Qxd4 Nc6 5. Bb5 Bd7 6. Bxc6 Bxc6 7. Nc3 Nf6 8. Bg5 e6 9. O-O-O Be7 10. Qd3 O-O 11. Nd4 Qa5 {[%emt 0:10:16] B53: Sicilian: 2...d6: Lines with Qxd4} 12. Bd2 (12. h4 Rfc8 13. f4 Bd7 14. Nb3 Qb4 15. a3 Qc4 16. e5 Nd5 17. Nxd5 exd5 18. Bxe7 Qxf4+ 19. Rd2 {½-½ (46) Ma,Q (2613)-Wang,H (2734) China 2014}) 12... Qc7 13. Rhe1 a6 14. f3 b5 15. g4 $146 ({Predecessor:} 15. Nxc6 Qxc6 16. g4 b4 17. Ne2 d5 18. e5 Nd7 19. Nd4 {1-0 (54) David,G (2265)-Karmov,M (2385) ICCF corr 1993}) 15... Nd7 ({Black should try} 15... Rfc8 $15) 16. Nd5 $1 Bxd5 17. exd5 Ne5 (17... Bh4 $11) 18. Qe2 (18. Qb3 $1 $14) 18... Bh4 19. Rf1 Qc5 ({Of course not} 19... exd5 $6 20. Nf5 $14) 20. Nb3 Qc4 21. Qg2 (21. Qxc4 $11 {keeps the balance.} Nxc4 22. Na5) 21... Rac8 ({Much worse is} 21... Qxd5 $6 22. Bb4 $11) 22. Be3 {[%emt 0:01:10] [#]} Nd3+ $1 23. Kb1 ({Don't blunder} 23. Rxd3 $2 Qxd3 24. Bc5 Rxc5 $19 {[%mdl 64] Remove Defender}) 23... Nb4 24. Bc1 Nxc2 ({Not} 24... Nxd5 25. Rd4 $16) 25. Na5 Qc5 26. dxe6 Qb6 (26... fxe6 $17 27. Nb7 Qb4) 27. Nb3 (27. Qh3 $11) 27... fxe6 28. g5 Rc4 $14 ({Black should try} 28... Ne3 $15 29. Bxe3 Qxe3) 29. f4 Rfc8 30. Qh3 Be1 31. Qxe6+ Kh8 32. Rfxe1 Nxe1 33. Rxe1 Qc6 34. Bd2 d5 35. Qxc6 R4xc6 36. Bc3 Kg8 37. f5 Kf7 38. h4 g6 39. Nd4 Rc4 40. a3 Re8 41. fxg6+ hxg6 42. Rf1+ Ke7 43. Rf6 Rg8 44. Rxa6 Ra4 45. Rb6 Kd7 46. Rxb5 Kd6 47. Rb6+ Ke5 48. b3 Raa8 49. Rf6 Ke4 50. Nb5 Rab8 51. a4 Kd3 52. Kb2 Rbe8 53. Rd6 Re2+ 54. Ka3 Re4 55. Rxd5+ Kc2 56. Rd2+ Kc1 57. Rh2 Rd8 58. Bb2+ 1-0

[Event "76th GEO-ch Women 2019"]
[Site "Tbilisi"]
[Date "2019.03.27"]
[Round "8.4"]
[White "Tsereteli, Tamar"]
[Black "Tsatsalashvili, Keti"]
[Result "1/2-1/2"]
[ECO "B14"]
[WhiteElo "2315"]
[BlackElo "2326"]
[Annotator "NA"]
[PlyCount "186"]
[EventDate "2019.03.19"]
[EventType "swiss"]
[EventCountry "GEO"]
[SourceTitle "playchess.com"]
[Source "ChessBase"]
[SourceQuality "1"]
[TimeControl "40/5400+30:1800+30"]

1. e4 c6 2. d4 d5 3. exd5 cxd5 4. c4 Nf6 5. Nc3 e6 6. Nf3 Be7 7. cxd5 Nxd5 8. Bd3 Nc6 9. O-O O-O 10. Re1 Bf6 11. Be4 {[%emt 0:03:57] LiveBook: 542 Games} Nce7 12. Qd3 h6 13. Ne5 Bd7 {[%emt 0:04:21] D42: Queen's Gambit Declined: Semi-Tarrasch: 5 cxd5 Nxd5 6 e3 Nc6 7 Bd3} (13... Nxc3 14. Qxc3 Nf5 15. Be3 Rb8 16. Bf4 g5 17. Bxf5 gxf4 18. Be4 Bg7 19. Rad1 Bd7 20. Qf3 Bb5 21. Bxb7 Qg5 22. b3 {0-1 (61) Gelfand,B (2743)-Wang,Y (2720) Beijing 2014}) 14. Qg3 Kh8 {[%emt 0:03:40] [#]} (14... Bc6 $1 $11) 15. Qh3 $1 Nxc3 $146 ({Predecessor:} 15... Bxe5 16. Bxh6 f5 17. Bg5+ Kg8 18. Nxd5 Bd6 19. Nxe7+ Bxe7 20. Bxe7 Qxe7 21. Bxf5 Rxf5 22. Qxf5 {1-0 (34) Belozerov,A (2487)-Perun,S (2401) Smolensk 2000}) 16. bxc3 Ng8 17. Bxb7 Rb8 18. Nxd7 Qxd7 19. Be4 Qc7 20. Qf3 Qa5 21. Bf4 Rb2 22. Bd6 Rc8 (22... Be7 $142 23. Be5 Nf6) 23. Bb4 Qg5 24. Re2 Rxe2 25. Qxe2 Be7 26. Qa6 {[%emt 0:04:04] Double Attack} Rd8 27. Qxa7 Bxb4 28. cxb4 Qd2 $18 29. b5 Rxd4 30. Bf3 e5 31. h3 Qb2 32. Re1 Qxb5 33. Qxf7 Nf6 34. Qe6 e4 35. Bxe4 Nxe4 36. Rxe4 Rd2 37. Qe8+ Qxe8 38. Rxe8+ Kh7 39. a4 Ra2 40. Ra8 h5 41. h4 Kg6 42. g3 Ra1+ 43. Kg2 Ra3 44. a5 Kf6 45. a6 Kf7 46. g4 hxg4 47. h5 g5 48. h6 Kg6 49. a7 Kh7 50. Kf1 Ra2 51. Ke1 Ra1+ 52. Kd2 Ra2+ 53. Kd3 Ra3+ 54. Ke4 Ra2 55. Ke5 Re2+ 56. Kd5 Rd2+ 57. Kc4 Ra2 58. Kb3 Ra6 59. Kb2 Ra5 60. Kc2 Ra2+ 61. Kd3 Ra3+ 62. Ke2 Ra2+ 63. Kf1 Ra1+ 64. Kg2 Ra3 65. Kh2 Ra2 66. Kg3 Ra4 67. Rf8 Rxa7 68. Kxg4 Kxh6 69. Rf6+ Kg7 70. Kxg5 Ra5+ 71. Rf5 Ra2 72. f3 Rg2+ 73. Kf4 Ra2 74. Rb5 Ra3 75. Kg4 Rc3 76. f4 Kf6 77. Rb6+ Kf7 78. Kg5 Rc5+ 79. f5 Rc7 80. Rh6 Rc1 81. Rh7+ Kg8 82. Re7 Kf8 83. Kf6 Rc6+ 84. Re6 Rc7 85. Kg6 Rg7+ 86. Kf6 Ra7 87. Rb6 Rf7+ 88. Kg5 Rg7+ 89. Rg6 Ra7 90. Kh6 Ra1 91. Rf6+ Kg8 92. Rb6 Kf7 93. Kg5 Rg1+ 1/2-1/2

[Event "76th GEO-ch Women 2019"]
[Site "Tbilisi"]
[Date "2019.03.27"]
[Round "8.5"]
[White "Gvetadze, Sofio"]
[Black "Khurtsilava, Inga"]
[Result "1/2-1/2"]
[ECO "B30"]
[WhiteElo "2321"]
[BlackElo "2234"]
[Annotator "NA"]
[PlyCount "109"]
[EventDate "2019.03.19"]
[EventType "swiss"]
[EventCountry "GEO"]
[SourceTitle "playchess.com"]
[Source "ChessBase"]
[SourceQuality "1"]
[TimeControl "40/5400+30:1800+30"]

1. e4 c5 2. Nf3 Nc6 3. Bb5 e6 4. Bxc6 bxc6 5. d3 Ne7 6. e5 {B30: Sicilian: 2...Nc6 3 Bb5, lines without ...g6} (6. Qe2 d6 7. e5 dxe5 8. Qxe5 Ng6 9. Qe4 Qd5 10. Nc3 Qxe4+ 11. Nxe4 f5 12. Ned2 Be7 13. Nc4 Ba6 14. Nfe5 Nxe5 15. Nxe5 {½-½ (43) Onischuk,V (2637)-Yu,Y (2751) Riadh 2017}) 6... Ng6 7. h4 h5 (7... f6 $11) 8. Nc3 (8. Nbd2 $14) 8... Be7 9. Qe2 d5 (9... Qc7 $11 {remains equal.}) 10. exd6 Qxd6 11. g3 $146 ({Predecessor:} 11. Ne4 Qd5 12. c4 Qd8 13. Be3 Qb6 14. O-O e5 15. Rab1 {1-0 (42) Manik,M (2435)-Toma,K (2233) Warsaw 2009}) 11... Ba6 12. Bd2 Rb8 13. b3 Bc8 14. Ne4 Qd5 15. c4 ({White should try} 15. Bf4 $16 Nxf4 16. gxf4) 15... Qd8 16. Qe3 e5 17. Bc3 f6 $1 18. Nh2 Bf5 19. O-O-O Kf7 20. Nxc5 Qb6 21. Na4 Qa6 22. Rhe1 c5 (22... Ba3+ $11 23. Nb2 c5) 23. Bb2 Rbd8 24. Kb1 Qc6 25. Ka1 Rd7 26. Nc3 a5 (26... Bd8 $11) 27. Qe2 (27. Rg1 $14) 27... Qg2 28. f3 $2 ({White should try} 28. Nf1 $11 Bg4 {[%mdl 64] Skewer} 29. Qd2) 28... Qxe2 ({Better is} 28... Qxg3 $17 29. Nf1 Qxh4) 29. Rxe2 Rhd8 ({Reject} 29... Bxd3 $6 30. Red2 $11) 30. Nd5 Be6 31. Bc3 Bxd5 32. cxd5 a4 33. bxa4 $15 Rxd5 34. Red2 Ra8 35. a5 Bd8 36. Nf1 Bxa5 37. Bxa5 Rxa5 38. Ne3 Rd8 39. Rb2 Ne7 40. Rb7 Ke8 41. f4 Ra3 42. fxe5 Raxd3 43. Rxd3 Rxd3 44. Nc4 fxe5 45. Nxe5 Rd1+ 46. Kb2 Nf5 47. a4 Rd2+ 48. Kc1 Ra2 49. a5 Nd4 50. Kb1 Rxa5 51. Rxg7 Rb5+ 52. Kc1 c4 53. Rg8+ Ke7 54. Rg5 Rb3 55. Nxc4 1/2-1/2

[Event "76th GEO-ch Women 2019"]
[Site "Tbilisi"]
[Date "2019.03.27"]
[Round "8.6"]
[White "Purtseladze, Maka"]
[Black "Khomeriki, Nino"]
[Result "1/2-1/2"]
[ECO "D60"]
[WhiteElo "2282"]
[BlackElo "2347"]
[Annotator "NA"]
[PlyCount "163"]
[EventDate "2019.03.19"]
[EventType "swiss"]
[EventCountry "GEO"]
[SourceTitle "playchess.com"]
[Source "ChessBase"]
[SourceQuality "1"]
[TimeControl "40/5400+30:1800+30"]

1. d4 Nf6 2. Bg5 d5 3. e3 Nbd7 4. Nf3 e6 5. c4 Be7 6. Nc3 O-O 7. cxd5 exd5 8. Bd3 c6 9. Qc2 Re8 10. O-O Nf8 11. Ne5 Ng4 12. Bf4 Bd6 {[%emt 0:01:41] D36: Queen's Gambit Declined: Exchange Variation: Main line (5 Bg5 c6 6 Qc2)} 13. Nxg4 Bxf4 (13... Bxg4 14. Bg3 Bxg3 15. hxg3 Bh5 16. b4 a6 17. a4 Bg6 18. b5 axb5 19. axb5 Qd6 20. bxc6 bxc6 {½-½ (71) Horvath,J (2186)-Schuster,M (2223) Germany 2014}) 14. exf4 Bxg4 15. f5 f6 16. Qd2 $146 ({Predecessor:} 16. f3 Bh5 17. g4 Bf7 18. Qf2 Qe7 19. Rae1 Qd6 20. f4 Rxe1 21. Rxe1 {0-1 (63) Garcia del Campo,L-Vila Dupla,S Valladolid 1989}) 16... Qd6 17. f3 Bh5 18. Ne2 Bf7 19. Nf4 Nd7 20. Rfe1 b6 21. g3 c5 22. Bb5 cxd4 23. Bxd7 Qxd7 24. g4 Re3 25. Qxd4 Rxe1+ 26. Rxe1 Rc8 27. b3 Qd6 28. Re2 Qc5 $14 29. Qxc5 bxc5 30. Rd2 Kf8 31. Kf2 g5 32. fxg6 hxg6 33. h4 Kg7 34. Rd1 c4 35. Ne2 a5 36. Nd4 a4 37. b4 c3 38. Ke3 a3 39. Rc1 Rc4 40. b5 g5 41. h5 f5 42. b6 f4+ 43. Kd3 Rb4 44. Rxc3 Rxb6 45. Rxa3 Kf6 46. Ra7 Rb1 47. Ra6+ Ke5 48. h6 Bg8 49. Kc3 Rc1+ 50. Kd2 Rh1 51. Nc6+ Kd6 52. Nd4+ Ke5 53. Kc3 Rc1+ 54. Kd2 Rh1 55. Nc6+ Kd6 56. Nb4+ Kc5 57. Nd3+ Kc4 58. Ra4+ Kb5 59. Rb4+ Ka5 60. Rb8 Bh7 61. Ra8+ Kb6 62. Rb8+ Kc7 63. Rh8 Rxh6 64. Ne5 Rh4 65. Kc3 Bb1 66. Rg8 Bxa2 67. Rxg5 Kd6 68. Kd4 Rh1 69. Rg6+ Kc7 70. Rf6 Rd1+ 71. Kc3 d4+ 72. Kc2 Re1 73. Ng6 Rf1 74. Nxf4 Bc4 75. Nd3 Rg1 76. Ne5 Rg2+ 77. Kc1 Bb5 78. f4 d3 79. Nxd3 Bxd3 80. g5 Kd7 81. Kd1 Ke7 82. Ke1 1/2-1/2

[Event "76th GEO-ch Women 2019"]
[Site "Tbilisi"]
[Date "2019.03.28"]
[Round "9.2"]
[White "Khurtsilava, Inga"]
[Black "Purtseladze, Maka"]
[Result "0-1"]
[ECO "A01"]
[WhiteElo "2234"]
[BlackElo "2282"]
[Annotator "NA"]
[PlyCount "86"]
[EventDate "2019.03.19"]
[EventType "swiss"]
[EventCountry "GEO"]
[SourceTitle "playchess.com"]
[Source "ChessBase"]
[SourceQuality "1"]
[TimeControl "40/5400+30:1800+30"]

1. b3 g6 2. Bb2 Nf6 3. e4 Bg7 4. e5 Nd5 5. c4 Nb6 6. d4 d6 7. exd6 {[%emt 0:03:38] B02: Alekhine's Defence: Chase Variation and lines with early Nc3} (7. f4 dxe5 8. fxe5 O-O 9. Nf3 Bg4 10. Be2 c5 11. h3 Bxf3 12. Bxf3 Nc6 13. Bxc6 bxc6 14. O-O cxd4 15. Bxd4 {½-½ (37) Fridman,D (2591)-Khalifman,A (2617) Liepaja 2018}) 7... cxd6 8. Nf3 Nc6 9. Qd2 d5 10. Be2 O-O 11. c5 Nd7 12. b4 e5 13. dxe5 Ndxe5 14. Nxe5 Nxe5 15. f4 $146 (15. O-O $15) 15... Nc4 16. Bxc4 dxc4 (16... Re8+ $17 17. Be2 Bg4) 17. Bxg7 Kxg7 18. Qc3+ Qf6 ({Black should try} 18... Kg8 $15 19. O-O a5) 19. Kf2 {[%emt 0:01:24] [#]} a5 $1 20. b5 Rd8 21. Qxf6+ Kxf6 22. Re1 $1 Bf5 23. Nc3 Rac8 24. Re5 (24. Rad1 $11) 24... Rd2+ 25. Kg1 Kg7 26. Rc1 Kf8 27. c6 bxc6 28. b6 (28. bxc6 $142 Rxc6 29. Rxa5) 28... Rb8 29. Na4 Bc2 30. Nb2 Bd3 31. Na4 Rxa2 32. Nc5 Kg7 33. b7 Rb2 34. g4 $17 Rb5 35. g5 a4 36. Rc3 Rb3 37. Nxa4 R8xb7 38. Rc1 R7b5 39. Re7 Ra5 40. Nc3 Rf5 41. Ne4 Rxf4 42. Nd6 Rb2 43. Rce1 Rff2 0-1

[Event "76th GEO-ch Women 2019"]
[Site "Tbilisi"]
[Date "2019.03.28"]
[Round "9.3"]
[White "Tsatsalashvili, Keti"]
[Black "Gvetadze, Sofio"]
[Result "1-0"]
[ECO "D37"]
[WhiteElo "2326"]
[BlackElo "2321"]
[Annotator "NA"]
[PlyCount "131"]
[EventDate "2019.03.19"]
[EventType "swiss"]
[EventCountry "GEO"]
[SourceTitle "playchess.com"]
[Source "ChessBase"]
[SourceQuality "1"]
[TimeControl "40/5400+30:1800+30"]

1. d4 Nf6 2. c4 e6 3. Nf3 d5 4. Nc3 Nbd7 5. cxd5 exd5 6. Bg5 c6 7. e3 Bd6 8. Bd3 O-O 9. Qc2 h6 10. Bh4 Re8 11. O-O Nf8 12. Rfe1 {[%emt 0:01:57] D36: Queen's Gambit Declined: Exchange Variation: Main line (5 Bg5 c6 6 Qc2)} (12. Rae1 Bg4 13. Nd2 Be6 14. f4 Be7 15. Nf3 Ne4 16. Bxe7 Qxe7 17. Bxe4 dxe4 18. Qxe4 Qb4 19. Qc2 Bc4 {1-0 (44) Bareev,E (2729)-Ljubojevic,L (2570) Monte Carlo 2003}) 12... Bg4 13. Nd2 Be6 14. Nf1 Rc8 15. Bg3 $146 ({Predecessor:} 15. Rad1 Be7 16. a3 Bg4 17. f3 Bh5 18. Ng3 Bg6 19. Nf5 Bxf5 20. Bxf5 {½-½ (57) Larsen,S (2310)-Rorvik,J (2162) Copenhagen 2003}) 15... c5 16. Bxd6 Qxd6 17. dxc5 Qxc5 18. Rad1 N8d7 19. Ng3 Ne5 20. Qb1 Nc4 21. Bxc4 Qxc4 22. Rd4 Qc5 23. Nge2 Rcd8 24. h3 Rd7 25. Red1 Red8 26. Nf4 Qc6 27. a3 Qb6 28. Qc2 Qc6 29. Qa4 Qxa4 30. Rxa4 a6 31. Rad4 Kf8 32. f3 Ke7 33. g4 g5 34. Nd3 h5 35. Kg2 hxg4 36. hxg4 Rc8 37. Nb4 Rcd8 38. Kg3 Rd6 39. R1d2 R6d7 40. Nd3 Rh8 41. Nf2 $16 Rh4 42. Nh3 Rd8 43. Nxg5 Rdh8 44. Rg2 Rh1 45. Rdd2 Rc8 46. Rh2 Rxh2 47. Kxh2 Rc5 48. Nh3 Nd7 49. Nf4 Nb6 50. Kg3 Kf6 51. e4 Nc4 52. Ncxd5+ Kg7 53. Rc2 Rc6 54. Ne7 Rc7 55. Nfd5 Bxd5 56. Nxd5 Rc6 57. Nb4 Rc8 58. b3 Nd6 59. Rxc8 Nxc8 60. e5 Nb6 61. Kf4 Nd7 62. Nd3 Kg6 63. Ke4 Kg5 64. Kd5 Kh4 65. Kd6 Nb6 66. Ke7 1-0

[Event "76th GEO-ch Women 2019"]
[Site "Tbilisi"]
[Date "2019.03.29"]
[Round "10.1"]
[White "Melia, Salome"]
[Black "Mikadze, Miranda"]
[Result "1-0"]
[ECO "B01"]
[WhiteElo "2385"]
[BlackElo "2266"]
[Annotator "NA"]
[PlyCount "103"]
[EventDate "2019.03.19"]
[EventType "swiss"]
[EventCountry "GEO"]
[SourceTitle "playchess.com"]
[Source "ChessBase"]
[SourceQuality "1"]
[TimeControl "40/5400+30:1800+30"]

1. e4 d5 2. exd5 Qxd5 3. Nc3 Qd6 4. d4 Nf6 5. Nf3 c6 6. Ne5 Nbd7 {[%emt 0:00:33] B01: Scandinavian Defence} 7. Nc4 Qc7 8. Qf3 Nb6 9. Bf4 Qd8 10. Be5 Bg4 11. Qe3 $146 ({Predecessor:} 11. Qg3 h5 12. f3 Be6 13. Ne3 Nbd5 14. Ncxd5 Nxd5 15. Nxd5 Qxd5 {½-½ (26) Grischuk,A (2719)-Tiviakov,S (2669) Sochi 2006}) 11... Nbd5 12. Nxd5 Qxd5 (12... Nxd5 $14 13. Qd2 f6) 13. f3 Bf5 14. Qb3 b6 15. Ne3 Qxb3 16. axb3 Bc8 17. c3 Kd7 18. b4 e6 19. Nc4 Bb7 20. Bg3 b5 21. Ne5+ Ke8 22. Nd3 Nh5 23. Be2 Nxg3 24. hxg3 Bd6 25. f4 h6 26. Kf2 Kd8 27. Bf3 Kc7 28. Ne5 Rhf8 29. Rh5 a6 30. Nd3 Rad8 31. g4 Kb6 32. g3 $14 Bc8 33. Nc5 Rfe8 34. Rah1 f6 35. Nd3 e5 36. fxe5 g6 37. Rxh6 fxe5 38. Re1 exd4 39. Rxe8 Rxe8 40. Rxg6 Rd8 41. cxd4 Bb7 42. Nc5 Ba8 43. Rg7 a5 44. bxa5+ Kxa5 45. Rd7 Rxd7 46. Nxd7 Be7 47. Ne5 Ka4 48. Bxc6 Bxc6 49. Nxc6 Bf6 50. b4 Kb3 51. Ke3 Kc4 52. Ke4 {[%emt 0:00:07] Kd5+} 1-0

[Event "76th GEO-ch Women 2019"]
[Site "Tbilisi"]
[Date "2019.03.29"]
[Round "10.5"]
[White "Purtseladze, Maka"]
[Black "Tsatsalashvili, Keti"]
[Result "1/2-1/2"]
[ECO "E20"]
[WhiteElo "2282"]
[BlackElo "2326"]
[Annotator "NA"]
[PlyCount "213"]
[EventDate "2019.03.19"]
[EventType "swiss"]
[EventCountry "GEO"]
[SourceTitle "playchess.com"]
[Source "ChessBase"]
[SourceQuality "1"]
[TimeControl "40/5400+30:1800+30"]

1. d4 Nf6 2. c4 e6 3. Nc3 Bb4 4. f3 c5 5. a3 Bxc3+ 6. bxc3 d6 7. e4 Nc6 8. Be3 b6 9. Bd3 Na5 {[%emt 0:04:25] LiveBook: 12 Games E24: Nimzo-Indian: Sämisch: Unusual Black 5th moves and 5...c5 sidelines} (9... e5 10. Ne2 h6 11. O-O g5 12. Ng3 Na5 13. Qe2 Qe7 14. Rfe1 Be6 15. Rab1 Rg8 16. Rb5 Qc7 17. Reb1 {½-½ (36) Moskalenko,V (2591)-Aroshidze,L (2539) Barcelona 2011}) 10. Bg5 h6 11. Bh4 g5 $146 ({Predecessor:} 11... Ba6 12. f4 Qd7 13. e5 dxe5 14. fxe5 Nh7 15. Qe2 cxd4 16. Nf3 Rc8 17. O-O Bxc4 18. cxd4 Bxd3 19. Qxd3 {0-1 (37) Jaeger,F (2046)-Nilson,B (2117) ICCF email 2009}) 12. Bf2 Ba6 13. h4 Rg8 14. hxg5 hxg5 15. Qe2 e5 16. d5 Qe7 17. g4 O-O-O 18. Be3 Nd7 19. Rh5 f6 20. Qa2 Nf8 21. Ne2 Ng6 22. Ng3 Nh4 23. Kf2 Qd7 24. a4 Rdf8 25. Rh1 Qe8 26. Rh7 Kb8 27. Nf5 Nxf5 28. gxf5 Bc8 $15 29. Kg3 Bd7 30. Bc2 Rh8 31. Bd1 Kc8 32. Bc1 Nb7 33. R1h6 Rxh7 34. Rxh7 Rh8 35. Qh2 Rxh7 36. Qxh7 Qf8 37. Kg4 Nd8 38. Kg3 Qf7 39. Qh8 Be8 40. Kf2 Kc7 41. Kg1 Nb7 42. Qh2 Qh5 43. Qe2 Qh3 44. Be3 Qg3+ 45. Kf1 Bh5 46. Bg1 Qh3+ 47. Ke1 Na5 48. Be3 Qh1+ 49. Kd2 Be8 50. Bf2 Qg2 51. Ke3 Bd7 52. Qa2 Qf1 53. Be2 Qc1+ 54. Kd3 Bc8 55. Be3 Qh1 56. Kd2 Ba6 57. Bf2 Qh2 58. Ke1 Qf4 59. Qd2 Qxd2+ 60. Kxd2 Bxc4 61. Bd1 Kd7 62. Be1 Ke7 63. Ke3 Kf7 64. Kf2 Kg7 65. Kg3 Bb3 66. Bxb3 Nxb3 67. c4 a5 68. Bc3 Nd4 69. Bb2 Kh6 70. Kg4 Ne2 71. Ba1 Nc1 72. Bb2 Nd3 73. Ba3 Nf2+ 74. Kg3 Nd1 75. Bc1 Kg7 76. Kg4 Kf7 77. Kg3 Ke7 78. Kg4 Ke8 79. Kh5 Kf7 80. Kg4 Ke7 81. Kh5 Kf7 82. Kg4 Nc3 83. Bb2 Nxa4 84. Ba1 b5 85. cxb5 Nb6 86. Bb2 Nc4 87. Kh5 Ke7 88. Bc1 a4 89. Kg6 a3 90. Bxa3 Nxa3 91. b6 Kd7 92. Kxf6 c4 93. b7 Kc7 94. Ke6 c3 95. f6 c2 96. f7 c1=Q 97. f8=Q Kxb7 98. Qxd6 Qc8+ 99. Kf6 Nc4 100. Qb4+ Nb6 101. Qe7+ Ka6 102. Qa3+ Kb7 103. Qe7+ Ka6 104. Kxe5 Qc3+ 105. Kf5 Qxf3+ 106. Kxg5 Nxd5 107. exd5 1/2-1/2

[Event "76th GEO-ch Women 2019"]
[Site "Tbilisi"]
[Date "2019.03.29"]
[Round "10.6"]
[White "Khomeriki, Nino"]
[Black "Khurtsilava, Inga"]
[Result "0-1"]
[ECO "E18"]
[WhiteElo "2347"]
[BlackElo "2234"]
[Annotator "NA"]
[PlyCount "124"]
[EventDate "2019.03.19"]
[EventType "swiss"]
[EventCountry "GEO"]
[SourceTitle "playchess.com"]
[Source "ChessBase"]
[SourceQuality "1"]
[TimeControl "40/5400+30:1800+30"]

1. d4 Nf6 2. c4 e6 3. Nf3 b6 4. g3 Bb7 5. Bg2 {[%emt 0:00:02] LiveBook: 9220 Games} Be7 6. O-O O-O 7. Nc3 d5 8. cxd5 exd5 9. b3 Nbd7 10. Bb2 Ne4 11. Qc2 {[%emt 0:07:33] E17: Queen's Indian: 4 g3 Bb7 5 Bg2 Be7} f5 12. e3 $146 ({Predecessor:} 12. Rad1 c6 {½-½ (77) Eingorn,V (2560)-Psakhis,L (2555) Moscow 1986}) 12... c6 13. Rad1 Qe8 14. Ne2 Bd6 15. Ne1 Qh5 16. Nd3 Rae8 17. f3 Ng5 18. Nef4 Qh6 19. Bc1 Ne6 20. Nxe6 Qxe6 21. Rfe1 c5 22. Qd2 Qf7 23. dxc5 bxc5 24. Bb2 Re7 25. Qa5 Rfe8 26. Qxa7 Bc6 27. Qa6 Nb8 28. Qa5 $14 Ra7 29. Qd2 Rxa2 30. Nc1 Ra6 31. f4 c4 32. b4 Rb6 33. Bc3 Na6 34. Na2 Nc7 35. Rb1 Reb8 36. Red1 Qe7 37. h4 R6b7 38. h5 h6 39. Bf3 Kh8 40. Kf2 Ra8 41. Rb2 Ra3 42. Qc1 Rb3 43. Qb1 Rxb2+ 44. Qxb2 Rb8 45. Qc2 Qe6 46. g4 fxg4 47. f5 Ba4 48. fxe6 Bxc2 49. Rg1 g3+ 50. Kg2 Bf5 51. Rd1 Ra8 52. Nc1 Ra3 53. Bb2 Rxe3 54. b5 c3 55. Ba1 Nxe6 56. Ne2 c2 57. Rf1 Be4 58. Nc1 Rxf3 59. Rxf3 Ng5 60. b6 Bxf3+ 61. Kf1 g2+ 62. Kf2 Bc5+ 0-1

[Event "76th GEO-ch Women 2019"]
[Site "Tbilisi"]
[Date "2019.03.30"]
[Round "11.1"]
[White "Khurtsilava, Inga"]
[Black "Melia, Salome"]
[Result "0-1"]
[ECO "A01"]
[WhiteElo "2234"]
[BlackElo "2385"]
[Annotator "NA"]
[PlyCount "69"]
[EventDate "2019.03.19"]
[EventType "swiss"]
[EventCountry "GEO"]
[SourceTitle "playchess.com"]
[Source "ChessBase"]
[SourceQuality "1"]
[TimeControl "40/5400+30:1800+30"]

1. b3 e5 2. Bb2 Nc6 3. e3 Nf6 4. Nf3 e4 5. Nd4 Nxd4 6. Bxd4 Be7 7. c4 b6 8. Nc3 Bb7 9. Qc2 O-O 10. Rd1 Re8 11. g3 c5 12. Bxf6 Bxf6 13. Bg2 Bxc3 14. dxc3 d6 15. O-O $11 Re6 16. a4 a5 17. Qe2 Qf6 18. Rc1 Qe5 19. Rfd1 Rae8 20. Rd2 h5 21. h4 Rh6 22. Rcd1 Ree6 23. Rc2 g5 24. hxg5 Qxg5 25. Kf1 h4 26. Ke1 hxg3 27. fxg3 Rh2 28. g4 Rg6 29. Qf2 Qxg4 30. Rdd2 Bc8 31. Re2 Qg5 32. Qf4 Qxf4 33. exf4 Bf5 34. Bxe4 Rg4 35. Bg2 0-1

[Event "76th GEO-ch Women 2019"]
[Site "Tbilisi"]
[Date "2019.03.30"]
[Round "11.2"]
[White "Tsatsalashvili, Keti"]
[Black "Khomeriki, Nino"]
[Result "1-0"]
[WhiteElo "2326"]
[BlackElo "2347"]
[Annotator "NA"]
[PlyCount "96"]
[EventDate "2019.03.19"]
[EventType "swiss"]
[EventCountry "GEO"]
[SourceTitle "playchess.com"]
[Source "ChessBase"]
[SourceQuality "1"]
[TimeControl "40/5400+30:1800+30"]

1. d4 d5 2. Nf3 Nf6 3. c4 e6 4. Nc3 Bb4 5. Qa4+ Nc6 6. Bg5 h6 7. Bxf6 Qxf6 8. e3 O-O {[%emt 0:00:14] D38: Queen's Gambit Declined: Ragozin Defence (4 Nf3 Bb4)} 9. Rc1 (9. Be2 dxc4 10. Bxc4 e5 11. O-O exd4 12. Nd5 Qd6 13. Nxb4 Qxb4 14. Qxb4 Nxb4 15. Nxd4 Bd7 16. a3 {1-0 (49) Duda,J (2738)-Vidit,S (2695) chess.com INT 2019}) 9... Bd7 10. Qc2 Rac8 $146 ({Predecessor:} 10... Rfe8 11. a3 Bxc3+ 12. Qxc3 Rac8 {½-½ (12) Barria Zuniga,D (2395)-Aguirre Contreras,C (2272) Santiago de Chile 2018}) 11. a3 Bxc3+ 12. Qxc3 Rfd8 13. Be2 dxc4 14. Bxc4 Ne7 15. b4 Bc6 16. Be2 Ng6 17. O-O Bd5 18. Qc2 e5 19. e4 Be6 20. dxe5 Nxe5 21. Nxe5 Qxe5 22. f4 Qd4+ 23. Kh1 f6 24. h3 c6 25. Rcd1 Qe3 26. Rf3 Rxd1+ 27. Bxd1 Qe1+ 28. Kh2 a5 29. bxa5 Qxa5 30. Qb2 Qc7 31. Bb3 Bxb3 32. Qxb3+ Qf7 33. Qb2 c5 34. e5 f5 35. Qc3 c4 36. Rf2 b5 37. Rd2 Rc6 38. Qa5 Qc7 39. Qxb5 c3 40. Qd5+ Kh7 41. Rc2 g5 42. Qd3 gxf4 43. Qxf5+ Rg6 44. Qxf4 Rg5 45. Qe4+ Kg7 46. Re2 Qc5 47. a4 Qc7 $18 48. g3 h5 1-0